 Dungeon Crawl Stone Soup version 0.29.1-15-g9cfb28693d (webtiles) character file.

Game seed: 5313912483978531794

123 hawla the Chopper (level 5, -2/46 HPs)
             Began as a Hill Orc Monk on Apr 20, 2023.
             Was a Believer of Beogh.
             Killed by divine providence
             ... invoked by an orc priest
              (12 damage)
             ... on level 4 of the Dungeon.
             The game lasted 00:08:12 (3843 turns).

hawla the Chopper (Hill Orc Monk)                   Turns: 3843, Time: 00:08:14

Health: -2/46      AC:  6    Str: 14    XL:     5   Next: 7%
Magic:  5/5        EV: 10    Int: 12    God:    Beogh [**....]
Gold:   184        SH:  0    Dex: 13    Spells: 4/4 levels left

rFire   . . .      SeeInvis .   a - +0 hand axe
rCold   . . .      Faith    .   (no shield)
rNeg    . . .      Spirit   .   i - +0 scale mail
rPois   .          Reflect  .   (no helmet)
rElec   .          Harm     .   h - scarf {repulsion}
rCorr   +          Rampage  .   (no gloves)
Will    .....                   (no boots)
Stlth   ..........              (no amulet)
HPRegen 0.15/turn               b - ring of resist corrosion
MPRegen 0.09/turn               (no ring)

@: repel missiles
A: no striking features
a: Renounce Religion, Smiting


You were on level 4 of the Dungeon.
You worshipped Beogh.
Beogh was pleased with you.
You visited 1 branch of the dungeon, and saw 4 of its levels.

You collected 184 gold pieces.

Inventory:

Hand Weapons
 a - a +0 hand axe (weapon)
Missiles
 d - 8 poisoned darts (quivered)
 e - 3 boomerangs
Armour
 h - a scarf of repulsion (worn)
 i - a +0 scale mail (worn)
Jewellery
 b - a ring of resist corrosion (left hand)
Scrolls
 j - a scroll of noise {unknown}
 k - a scroll of immolation {unknown}
Potions
 g - a potion of curing


   Skills:
 + Level 4.1 Fighting
 + Level 5.4 Axes
 + Level 2.2 Armour
 + Level 3.1 Dodging
 + Level 1.6 Stealth


You had 4 spell levels left.
You didn't know any spells.
Your spell library contained the following spells:

 Spells                   Type           Power      Damage    Failure   Level
 Inner Flame              Hex/Fire       0%         N/A       99%         3
 Cause Fear               Hex            0%         N/A       100%        4
 Discord                  Hex            0%         N/A       100%        8


Dungeon Overview and Level Annotations

Branches:
Dungeon (4/15)
 Temple: D:4-7

Altars:
Hepliaklqana
Ru
Vehumet


Message History

You feel less confused. The orc hits you but does no damage.
The orc priest barely misses you.
You barely miss the orc.
The orc is heavily wounded.
The orc hits you but does no damage. The orc priest closely misses you.
You closely miss the orc.
The orc is heavily wounded.
The orc hits you but does no damage.
The orc priest calls upon Beogh to heal the orc.
The orc's wounds heal themselves!
You hit the orc.
The orc is moderately wounded.
The orc closely misses you.
The orc priest hits you but does no damage.
You hit the orc.
You kill the orc!
Beogh accepts your kill. The orc priest barely misses you.
You closely miss the orc.
The orc hits you with a +2 falchion of protection!
The orc priest closely misses you.
You hit the orc but do no damage.
The orc hits you with a +2 falchion of protection.
The orc priest closely misses you.
You hit the orc.
The orc is severely wounded.
The orc hits you with a +2 falchion of protection!
The orc priest completely misses you.
You closely miss the orc.
The orc is severely wounded.
The orc misses you.
The orc priest hits you from afar with a +0 trident.
* * * LOW HITPOINT WARNING * * *
You hit the orc but do no damage.
The orc is severely wounded.
The orc barely misses you.
The orc priest invokes the aid of Beogh against you.
Beogh smites you!
You die...
Beogh appreciates the orc priest's killing of a heretic priest.

####. ....
.... ..#
..#
#.#######
#.o......
#o# #@#
#.# #.#
#.# #.#
#.#
#.########
#.<......#
########.#


You could see an orc priest and an orc.

Vanquished Creatures
  4 adders
  A worm (D:3)
  14 orcs
  3 endoplasms
  4 giant cockroaches
  7 goblins
  7 hobgoblins
  6 kobolds
  3 quokkas
  4 ball pythons
  6 bats
  4 frilled lizards
  6 rats
69 creatures vanquished.

Vanquished Creatures (others)
  An orc priest (D:3)
  A ball python (D:3)
2 creatures vanquished.

Grand Total: 71 creatures vanquished

Notes
Turn   | Place    | Note
-------+----------+-------------------------------------------
     0 | D:1      | hawla the Hill Orc Monk began the quest for the Orb.
     0 | D:1      | Reached XP level 1. HP: 19/19 MP: 1/1
   180 | D:1      | Reached XP level 2. HP: 27/27 MP: 2/2
  1213 | D:2      | Reached XP level 3. HP: 26/33 MP: 3/3
  1409 | D:2      | Found a faded altar of an unknown god.
  1620 | D:2      | Reached skill level 1 in Armour
  2139 | D:3      | Reached skill level 5 in Axes
  2139 | D:3      | Reached XP level 4. HP: 39/40 MP: 4/4
  2371 | D:3      | Found a sacrificial altar of Ru.
  2983 | D:3      | Found a radiant altar of Vehumet.
  2983 | D:3      | Found a hazy altar of Hepliaklqana.
  2984 | D:3      | Noticed an ice beast
  3072 | D:3      | Found a transporter.
  3099 | D:3      | Found a transporter.
  3103 | D:3      | Became a worshipper of Beogh the Brigand
  3103 | D:3      | Reached * piety under Beogh
  3103 | D:3      | Reached ** piety under Beogh
  3431 | D:3      | Reached XP level 5. HP: 46/46 MP: 5/5
  3843 | D:4      | Killed from afar by an orc priest

Illustrated notes

Levels and vault maps discovered:
D:1:      ncdulo_wetmaze, layout_loops_ring
D:2:      layout_basic, chequers_ecumenical_altar_simple_redux,
          kennysheep_generic_room_16
D:3:      layout_basic, nicolae_ru_awakened_eye,
          gammafunk_temple_overflow_arena, gup_sewer_entry_bubbles,
          kennysheep_generic_room_13
D:4:      layout_loops_ring, mainiacjoe_overflow_chevrons, uniq_blork_the_orc

Skill      XL: |  1  2  3  4 |
---------------+-------------+-----
Dodging        | 3 |  3.1
Armour         | 1 2 |  2.2
Axes           | 5 |  5.4
Fighting       | 4 |  4.1
Stealth        | |  1.6

Action                   |  1- 3 |  4- 6 || total
-------------------------+-------+-------++-------
Melee: Hand axe          |   106 |   154 ||   260
       Punch             |       |     2 ||     2
Throw: Dart              |     3 |       ||     3
Invok: Convert to Beogh  |       |     1 ||     1
  Use: Scroll            |     2 |     1 ||     3
       Potion            |       |     3 ||     3
Armor: Robe              |    12 |       ||    12
       Ring mail         |    15 |       ||    15
       Scale mail        |     1 |    52 ||    53
Dodge: Dodged            |    67 |    92 ||   159
